 Dungeon Crawl Stone Soup version 0.17.1-2-g5865329 (webtiles) character file.

54202 Lonerover the Warrior (level 14, -4/140 HPs)
             Began as a Minotaur Fighter on Feb 4, 2016.
             Was the Champion of Qazlal.
             Killed from afar by a thorn hunter (25 damage)
             ... with a volley of thorns
             ... on level 3 of the Swamp.
             The game lasted 01:06:59 (14088 turns).

Lonerover the Warrior (Minotaur Fighter)           Turns: 14088, Time: 01:07:01

Health: -4/140     AC: 31    Str: 26    XL:     14   Next: 33%
Magic:  20/20      EV:  4    Int:  5    God:    Qazlal [******]
Gold:   1313       SH: 22    Dex: 20    Spells: 0 memorised, 13 levels left

rFire  . . .     SeeInvis .     B - +10 war axe of Defenestration {holy, Dex+7}
rCold  . . .     Clarity  +     S - +0 plate armour
rNeg   . . .     SustAt   .     q - +1 shield {AC+3}
rPois  +         Gourm    .     (helmet unavailable)
rElec  .         Spirit   .     Y - +1 cloak {rPois}
rCorr  .         Warding  .     X - +1 pair of gloves of the Dropbear {Dex+3}
rMut   .         Stasis   .     (no boots)
MR     +....                    J - amulet of faith
Stlth  ..........               g - ring of stealth
                                n - +6 ring of protection

@: grasped by roots, repel missiles, very slow, somewhat resistant to hostile
enchantments, extremely unstealthy
A: retaliatory headbutt, horns 3, molten scales 1, clarity, high mp 1, poison
resistance
a: Upheaval, Elemental Force, Disaster Area, Renounce Religion


You were on level 3 of the Swamp.
You worshipped Qazlal.
Qazlal was exalted by your worship.
You were very full.

You visited 4 branches of the dungeon, and saw 19 of its levels.
You also visited: Ice Cave.

You collected 1313 gold pieces.

Inventory:

Hand Weapons
 B - the +10 war axe of Defenestration (weapon) {holy, Dex+7}
   (You found it on level 5 of the Dungeon)

   It has been blessed by the Shining One to cause great damage to the undead
   and demons.
   It affects your dexterity (+7).
Armour
 q - a +1 shield of protection (worn)
 S - a +0 plate armour (worn)
 X - the +1 pair of gloves of the Dropbear (worn) {Dex+3}
   (You found it on level 4 of the Lair of Beasts)

   It affects your dexterity (+3).
 Y - a +1 cloak of poison resistance (worn)
Jewellery
 g - a ring of stealth (right hand)
 n - a +6 ring of protection (left hand)
 D - an uncursed ring of protection from cold
 J - an amulet of faith (around neck)
Wands
 f - a wand of fireball (13)
 u - a wand of lightning (3)
 H - a wand of teleportation (4)
Scrolls
 a - a scroll of brand weapon
 c - a scroll of torment
 i - 5 scrolls of remove curse
 r - 8 scrolls of recharging
 s - 6 scrolls of fog
 t - 3 scrolls of amnesia
 w - 4 scrolls of teleportation
 z - 7 scrolls of identify
 F - a scroll of enchant armour
 G - 2 scrolls of magic mapping
 K - 2 scrolls of enchant weapon
 P - a scroll of fear
Potions
 b - a potion of heal wounds
 h - a potion of brilliance
 j - 2 potions of cure mutation {unknown}
 k - 4 potions of agility
 v - 7 potions of invisibility
 x - 10 potions of curing
 A - 2 potions of haste
 L - 2 potions of ambrosia
 T - 2 potions of flight
 V - a potion of lignification
Comestibles
 e - 7 bread rations
 m - 2 meat rations
 o - 10 beef jerkies
 I - 13 royal jellies
 M - 18 fruits


   Skills:
 + Level 17.2 Fighting
 - Level 16.3 Axes
 + Level 13.1 Armour
 * Level 8.8 Shields
 - Level 7.8 Invocations


You had 13 spell levels left.
You didn't know any spells.

Dungeon Overview and Level Annotations

Branches:
Dungeon (11/15)            Temple (1/1) D:7            Lair (4/8) D:11
  Swamp (3/4) Lair:4        Snake (0/4) Lair:4
    Orc: D:9-12

Altars:
Ashenzari
Cheibriados
Dithmenos
Elyvilon
Fedhas
Gozag
Kikubaaqudgha
Makhleb
Nemelex Xobeh
Okawaru
Qazlal
Ru
Sif Muna
Trog
Vehumet
Xom
Yredelemnul
Zin
The Shining One

Shops:
D:5 ?   D:7 }


Innate Abilities, Weirdness & Mutations

You reflexively headbutt those who attack you in melee.
You have a pair of large horns on your head.
You are partially covered in molten scales (AC +1).
You possess an exceptional clarity of mind.
You have an increased reservoir of magic (+10% MP).
Your system is resistant to poisons.


Message History

The thorn hunter fires a volley of thorns at you.
The volley of thorns hits you!
* * * LOW HITPOINT WARNING * * *
You block the wasp's attack.
The spiny frog is engulfed in freezing vapours.
You kill the spiny frog!
Qazlal accepts your kill.
The thorn hunter is engulfed in freezing vapours.
You block the wasp's attack.
The giant leech bites you but does no damage.
The shambling mangrove hits you!!
* * * LOW HITPOINT WARNING * * *
As you read the scroll of fear, it crumbles to dust.
You assume a fearsome visage.
The wasp looks frightened!
The shambling mangrove is unaffected.
The thorn hunter is unaffected.
The giant leech looks frightened!
The shambling mangrove is unaffected.
You hear a croak.
The thorn hunter fires a volley of thorns at you.
The volley of thorns hits you!
You die...

.≈≈≈..≈≈..
§≈≈≈≈≈≈.
♣♣...≈≈.♣♣♣ $
♣....≈≈≈..♣♣♣≈≈
♣♣.≈≈≈≈≈≈≈.≈....
≈≈≈§≈≈≈≈≈≈....♣
♣.§≈f§≈≈≈≈≈≈≈
♣§@§y§≈≈≈≈≈≈
♣.fwf.≈≈≈.≈≈
♣♣†.§.≈≈≈...
♣♣≈.§.≈≈≈.♣
♣.≈≈≈≈≈≈≈≈
♣.≈≈≈≈≈≈≈≈
..≈≈≈≈≈≈≈≈
§≈..≈≈≈≈≈.
≈≈≈.≈≈≈≈≈§.


You could see a thorn hunter, 2 shambling mangroves, a giant leech (fleeing) and
a wasp (fleeing).

Vanquished Creatures
  Frances (Swamp:1)
  The ghost of SaintRoka the Grappler, a journeyman NaMo of Cheibriados (Swamp:1)
  2 thorn hunters (Swamp:2)
  Aizul (Swamp:1)
  7 hydras
  4 ghost crabs
  2 alligators
  The ghost of emiel the Cleaver, a novice FoAs of Cheibriados (D:10)
  Urug (Lair:2)
  The ghost of Lonerover the Cleaver, a novice MiFi of Okawaru (D:9)
  2 ice devils (IceCv)
  A spriggan druid (Swamp:2)
  4 shambling mangroves
  A necromancer (IceCv)
  2 oklob plants (Swamp:2)
  A hornet (Swamp:3)
  A manticore (D:11)
  2 black mambas
  2 ice statues (IceCv)
  A gargoyle (D:10)
  6 spiny frogs
  5 komodo dragons
  10 blue devils (IceCv)
  13 blink frogs
  A troll (D:9)
  A polar bear (Lair:3)
  2 bog bodies (Swamp:1)
  A deep elf mage (D:11)
  4 spriggans
  23 yaks
  A wraith (D:10)
  A deep elf fighter (D:11)
  A steam dragon (Lair:2)
  Eustachio (D:4)
  A wyvern (D:10)
  13 wolves
  4 vampire mosquitoes
  3 hippogriffs (Lair:1)
  A naga (Lair:4)
  12 water moccasins
  3 porcupines
  14 swamp worms
  10 insubstantial wisps (Swamp:2)
  2 soldier ants (D:8)
  4 ice beasts
  3 orc warriors
  2 sky beasts
  6 ogres
  A necrophage (D:8)
  9 wasps
  5 swamp drakes (Swamp:2)
  A phantom (D:4)
  8 centaurs
  14 crocodiles
  A brain worm (D:8)
  14 giant frogs
  A wyvern zombie (D:11)
  3 scorpions
  12 killer bees
  5 wights (D:11)
  2 giant frog zombies
  8 crimson imps
  9 orc wizards
  3 hounds
  A jelly (D:9)
  2 gnoll shamans
  2 centaur skeletons (D:4)
  4 orc priests
  7 worker ants
  2 giant frog skeletons
  2 draconian simulacra (IceCv)
  10 iguanas
  A spriggan simulacrum (IceCv)
  A troll simulacrum (IceCv)
  13 sheep
  2 centaur simulacra (IceCv)
  A mummy (D:11)
  5 hound skeletons
  An ogre simulacrum (IceCv)
  A worker ant zombie (D:8)
  12 adders
  49 river rats
  10 gnolls
  3 naga simulacra (IceCv)
  3 shadow imps
  5 worms
  5 giant geckos
  38 orcs
  A ball python (D:4)
  8 goblins
  11 hobgoblins
  4 jackals (D:3)
  5 kobolds
  7 quokkas
  11 bats
  4 giant cockroaches
  A giant gecko zombie (D:5)
  4 giant newts
  16 rats
  15 fungi
  9 plants
558 creatures vanquished.

Vanquished Creatures (others)
  An alligator (Swamp:2)
  A swamp worm (Swamp:2)
  7 fungi
  7 plants
16 creatures vanquished.

Grand Total: 574 creatures vanquished

Notes
Turn   | Place    | Note
--------------------------------------------------------------
     0 | D:1      | Lonerover the Minotaur Fighter began the quest for the Orb.
     0 | D:1      | Reached XP level 1. HP: 19/19 MP: 0/0
    79 | D:1      | Reached XP level 2. HP: 21/27 MP: 1/1
   148 | D:1      | Reached skill level 4 in Fighting
   959 | D:2      | Reached XP level 3. HP: 30/33 MP: 2/2
  1259 | D:2      | Found a bloodstained altar of Trog.
  1260 | D:2      | Found a snail-covered altar of Cheibriados.
  1281 | D:2      | Reached XP level 4. HP: 37/41 MP: 3/3
  1718 | D:3      | Reached skill level 5 in Fighting
  2015 | D:4      | Reached XP level 5. HP: 45/48 MP: 4/4
  2259 | D:4      | Reached skill level 5 in Axes
  2292 | D:4      | Reached skill level 6 in Fighting
  2292 | D:4      | Reached XP level 6. HP: 49/57 MP: 5/5
  2313 | D:4      | Noticed an ogre
  2321 | D:4      | Killed an ogre
  2542 | D:4      | Noticed an ogre
  2542 | D:4      | Noticed a phantom
  2550 | D:4      | Killed an ogre
  2550 | D:4      | Reached skill level 7 in Fighting
  2550 | D:4      | Reached skill level 5 in Armour
  2550 | D:4      | Reached XP level 7. HP: 60/66 MP: 6/6
  2557 | D:4      | Killed a phantom
  2642 | D:4      | Noticed Eustachio
  2658 | D:4      | Killed Eustachio
  2923 | D:5      | Entered Level 5 of the Dungeon
  2927 | D:5      | Found Sudec's Magic Scroll Shop.
  3065 | D:5      | Reached skill level 8 in Fighting
  3115 | D:5      | Reached XP level 8. HP: 50/74 MP: 7/7
  3137 | D:5      | Got a warped war axe
  3145 | D:5      | Identified the +10 war axe of Defenestration {holy, Dex+7} (You found it on level 5 of the Dungeon)
  3543 | D:6      | Reached skill level 9 in Fighting
  3745 | D:6      | Found a glowing golden altar of the Shining One.
  4049 | D:7      | Found a shadowy altar of Dithmenos.
  4052 | D:7      | Found a stormy altar of Qazlal.
  4060 | D:7      | Found a snail-covered altar of Cheibriados.
  4109 | D:7      | Found a blossoming altar of Fedhas.
  4110 | D:7      | Found a sacrificial altar of Ru.
  4112 | D:7      | Became a worshipper of Qazlal Stormbringer
  4129 | D:7      | Found a staircase to the Ecumenical Temple.
  4135 | Temple   | Entered the Ecumenical Temple
  4331 | D:7      | Reached XP level 9. HP: 85/85 MP: 8/8
  4335 | D:7      | Reached skill level 10 in Fighting
  4392 | D:7      | Found Dulyaruiwk's Gadget Emporium.
  4519 | D:7      | Gained mutation: You possess an exceptional clarity of mind. [mutagenic meat]
  4520 | D:7      | Gained mutation: Your system is resistant to poisons. [mutagenic meat]
  4521 | D:7      | Gained mutation: You have a pair of large horns on your head. [mutagenic meat]
  4522 | D:7      | Gained mutation: You have an increased reservoir of magic (+10% MP). [mutagenic meat]
  4523 | D:7      | Gained mutation: You are partially covered in molten scales (AC +1). [mutagenic meat]
  5161 | D:8      | Reached * piety under Qazlal
  5161 | D:8      | Reached skill level 10 in Axes
  5385 | D:8      | Reached skill level 11 in Fighting
  5489 | D:8      | Reached skill level 1 in Invocations
  5844 | D:9      | Found a shadowy altar of Dithmenos.
  5915 | D:9      | Noticed Lonerover's ghost (novice MiFi)
  5922 | D:9      | Killed Lonerover's ghost
  5922 | D:9      | Reached XP level 10. HP: 86/97 MP: 9/11
  5974 | D:9      | Noticed a five-headed hydra
  5984 | D:9      | Killed an 11-headed hydra
  5984 | D:9      | Reached skill level 12 in Fighting
  6313 | D:10     | Entered Level 10 of the Dungeon
  6322 | D:10     | Reached ** piety under Qazlal
  6474 | D:10     | You fall through a shaft!
  6689 | D:10     | Reached XP level 11. HP: 105/105 MP: 14/14
  6706 | D:10     | Noticed emiel's ghost (novice FoAs)
  6716 | D:10     | Killed emiel's ghost
  6889 | D:10     | Reached *** piety under Qazlal
  6904 | D:11     | Noticed a manticore
  6911 | D:11     | Killed a manticore
  6911 | D:11     | Reached skill level 13 in Fighting
  7406 | D:11     | Found a staircase to the Lair.
  7413 | Lair:1   | Entered Level 1 of the Lair of Beasts
  7662 | Lair:1   | Reached **** piety under Qazlal
  7734 | Lair:1   | Reached skill level 5 in Invocations
  7824 | Lair:1   | Reached skill level 10 in Armour
  8031 | Lair:2   | Noticed an eight-headed hydra
  8106 | Lair:2   | Noticed Urug
  8125 | Lair:2   | Reached skill level 14 in Fighting
  8128 | Lair:2   | Killed Urug
  8178 | Lair:2   | Killed a 12-headed hydra
  8178 | Lair:2   | Reached XP level 12. HP: 46/117 MP: 2/16
  9240 | Lair:3   | Noticed a five-headed hydra
  9259 | Lair:3   | Killed a 17-headed hydra
  9745 | Lair:3   | Reached ***** piety under Qazlal
  9981 | Lair:3   | Reached skill level 15 in Fighting
 10512 | Lair:4   | Reached skill level 15 in Axes
 10566 | Lair:4   | Found a frozen archway.
 10568 | Lair:4   | Noticed a seven-headed hydra
 10589 | Lair:4   | Killed a ten-headed hydra
 10606 | IceCv    | Entered an ice cave
 10762 | IceCv    | Reached XP level 13. HP: 114/127 MP: 19/19
 11043 | Lair:4   | Found a staircase to the Snake Pit.
 11122 | Lair:4   | Found a staircase to the Swamp.
 11156 | Lair:4   | Got a pair of slimy gloves
 11167 | Lair:4   | Identified the +1 pair of gloves of the Dropbear {Dex+3} (You found it on level 4 of the Lair of Beasts)
 11791 | Swamp:1  | Entered Level 1 of the Swamp
 11807 | Swamp:1  | Noticed SaintRoka's ghost (journeyman NaMo)
 11833 | Swamp:1  | Reached skill level 16 in Fighting
 11838 | Swamp:1  | Noticed Frances
 11843 | Swamp:1  | Killed SaintRoka's ghost
 12114 | Swamp:1  | Killed Frances
 12137 | Swamp:1  | Noticed Aizul
 12156 | Swamp:1  | Killed Aizul
 12790 | Swamp:2  | Reached skill level 5 in Shields
 12810 | Swamp:2  | Reached ****** piety under Qazlal
 13054 | Swamp:2  | Reached XP level 14. HP: 104/138 MP: 20/20
 13107 | Swamp:2  | Noticed a thorn hunter
 13108 | Swamp:2  | Noticed a thorn hunter
 13116 | Swamp:2  | Reached skill level 17 in Fighting
 13121 | Swamp:2  | Killed a thorn hunter
 13124 | Swamp:2  | Killed a thorn hunter
 14075 | Swamp:3  | Noticed a thorn hunter
 14088 | Swamp:3  | Killed from afar by a thorn hunter

Action                   |  1- 3 |  4- 6 |  7- 9 | 10-12 | 13-15 || total
-------------------------+-------+-------+-------+-------+-------++-------
Melee: War axe           |    87 |   121 |   214 |   514 |   294 ||  1230
Invok: Upheaval          |       |       |       |     2 |       ||     2
       Elemental Force   |       |       |       |     1 |       ||     1
       Disaster Area     |       |       |       |       |     1 ||     1
Evoke: Wand              |       |       |       |     1 |       ||     1
  Use: Scroll            |     5 |     4 |     7 |     9 |     8 ||    33
       Potion            |       |     1 |       |     2 |     2 ||     5
 Stab: Sleeping          |       |       |     5 |       |       ||     5
  Eat: Chunk             |       |    15 |    21 |    14 |       ||    50
       Bread ration      |       |       |       |     1 |       ||     1
       Pizza             |       |       |       |       |     2 ||     2
       Meat ration       |       |       |       |       |     1 ||     1
       Beef jerky        |       |       |       |       |     1 ||     1
